 Dungeon Crawl Stone Soup version 0.32-a0-886-g41c5271027 (webtiles) character file.

Game seed: 12455817359826346008

125 Lanoc the Shooter (level 5, -1/41 HPs)
             Began as a Coglin Hunter on Apr 2, 2024.
             Slain by an orc wizard
             ... wielding a +0 dagger
              (2 damage)
             ... on level 3 of the Dungeon.
             The game lasted 00:01:10 (1486 turns).

Lanoc the Shooter (Coglin Hunter)                   Turns: 1486, Time: 00:01:11

Health: -1/41      AC:  6    Str: 13    XL:     5   Next: 9%
Magic:  5/5        EV: 11    Int:  9    God:
Gold:   69         SH:  0    Dex: 19    Spells: 4/4 levels left

rFire   . . .        a - +2 sling {Haoran}
rCold   . . .        d - +0 sling {Carlos}
rNeg    . . .        i - +3 leather armour of Pytuluk {Str+2}
rPois   .            (no helmet)
rElec   .            (no cloak)
rCorr   .            (no gloves)
SInv    .            (no boots)
Will    +....        (amulet unavailable)
Stlth   ++           (ring unavailable)
HPRegen 0.26/turn    (ring unavailable)
MPRegen 0.09/turn    (no gizmo)

%: no passive effects
@: enlightened, flying
A: off-hand wielding, slow wielding, warmup strikes, no jewellery
a: Invent Gizmo


You were on level 3 of the Dungeon.
You visited 1 branch of the dungeon, and saw 3 of its levels.

You collected 69 gold pieces.

Inventory:

Hand Weapons
 a - a +2 sling (weapon) {Haoran}
 d - a +0 sling (offhand) {Carlos}
Armour
 i - the +3 leather armour of Pytuluk (worn) {Str+2}
   (You found it on level 2 of the Dungeon)

   Str+2:     It affects your strength (+2).
Scrolls
 b - a scroll of butterflies
 f - a scroll of revelation {unknown}
 g - 2 scrolls of teleportation {unknown}
 k - a scroll of immolation {unknown}
 l - a scroll of blinking {unknown}
 n - 2 scrolls of identify {unknown}
Potions
 h - a potion of haste {unknown}
 j - 2 potions of attraction {unknown}
 m - a potion of brilliance {unknown}


   Skills:
 + Level 3.0 Fighting
 * Level 4.7 Ranged Weapons
 + Level 2.7 Dodging
 - Level 0.7 Stealth


You had 4 spell levels left.
You didn't know any spells.
Your spell library contained the following spells:

 Spells                   Type           Power      Damage    Failure   Level
 Apportation              Tloc           0%         N/A       45%         1
 Jinxbite                 Hex            0%         N/A       61%         2
 Lesser Beckoning         Tloc           0%         N/A       61%         2
 Inner Flame              Hex/Fire       0%         N/A       83%         3
 Maxwell's Portable Pile  Tloc           0%         2d(5-13)  83%         3
 Summon Ice Beast         Ice/Summ       0%         N/A       83%         3
 Teleport Other           Tloc           0%         N/A       83%         3
 Alistair's Intoxication  Alch           0%         N/A       100%        5
 Irradiate                Conj/Alch      0%         3d11      100%        5
 Summon Mana Viper        Hex/Summ       0%         N/A       100%        5
 Monstrous Menagerie      Summ           0%         N/A       100%        7
 Ignition                 Fire           0%         3d3       100%        8


Dungeon Overview and Level Annotations

Branches:
Dungeon (3/15)

Altars:


Innate Abilities, Weirdness & Mutations

You can wield a second weapon in your off-hand.
It takes a long time for you to wield or remove held weapons.
Your first few attacks do less damage.
You cannot equip rings or amulets.


Message History

It was a potion of curing.
You feel better. Something barely misses you.
You shoot a sling bullet. x2; Something hits you.
Something hits you but does no damage.
You shoot a sling bullet. x2; Something hits you.
You shoot a sling bullet. x2; Something hits you but does no damage.
You shoot a sling bullet. x2; Something hits you.
You shoot a sling bullet. x2; Something hits you.
* * * LOW HITPOINT WARNING * * *
You shoot a sling bullet. x2
Reactivating autopickup.
An orc wizard appears from thin air!
The orc wizard gestures wildly while chanting.
The orc wizard flickers and vanishes!
Deactivating autopickup; reactivate with Ctrl-A.
Something hits you.
* * * LOW HITPOINT WARNING * * *
You shoot a sling bullet. x2
You hear some strange, mumbled words.
A puff of flame appears from out of thin air!
The puff of flame hits you.
* * * LOW HITPOINT WARNING * * *
You feel better. Something hits you but does no damage.
You shoot a sling bullet. x2
You hear some strange, mumbled words.
A puff of flame appears from out of thin air!
The puff of flame hits you.
* * * LOW HITPOINT WARNING * * *
You shoot a sling bullet. x2; Something hits you but does no damage.
You shoot a sling bullet. x2
You hear some strange, mumbled words.
A puff of flame appears from out of thin air!
The puff of flame hits you!
* * * LOW HITPOINT WARNING * * *
You shoot a sling bullet. x2
You hear some strange, mumbled words.
A puff of flame appears from out of thin air!
The puff of flame hits you.
* * * LOW HITPOINT WARNING * * *
Something hits you.
You die...

# # .# #. .#
#..######.##
#..........
#..?..#.##
#......#.####...
#.....@{.)))....
##...###.####.##
##.# .## #. ?# #
##


There were no monsters in sight!

Vanquished Creatures
  A scorpion (D:3)
  An adder (D:2)
  A dart slug (D:1)
  4 orcs (D:3)
  6 endoplasms
  2 giant cockroaches
  7 goblins
  9 hobgoblins
  2 kobolds (D:1)
  2 quokkas
  2 ball pythons
  3 bats
  3 frilled lizards (D:1)
  3 rats
46 creatures vanquished.

Notes
Turn   | Place    | Note
-------+----------+-------------------------------------------
     0 | D:1      | Lanoc the Coglin Hunter began the quest for the Orb.
     0 | D:1      | Reached XP level 1. HP: 16/16 MP: 1/1
    87 | D:1      | Reached XP level 2. HP: 22/22 MP: 2/2
   227 | D:1      | Reached skill level 4 in Ranged Weapons
   244 | D:1      | Reached XP level 3. HP: 28/28 MP: 3/3
   748 | D:2      | Identified the +3 leather armour of Pytuluk {Str+2}
  1159 | D:2      | Reached XP level 4. HP: 34/34 MP: 4/4
  1454 | D:3      | Noticed a scorpion
  1467 | D:3      | Killed a scorpion
  1468 | D:3      | Reached XP level 5. HP: 14/41 MP: 5/5
  1486 | D:3      | HP: 1/41 [something/puff of flame (4)]
  1486 | D:3      | Slain by an orc wizard

Illustrated notes

Levels and vault maps discovered:
D:1:      dpeg_arrival_fog, layout_basic, minmay_tromino_v7
D:2:      layout_loops_corners
D:3:      layout_loops_ring, lemuel_doored_altar, gammafunk_ghost_gnarly_gnolls,
          minmay_goblin_kobold_house, uniq_crazy_yiuf_cottage

Skill      XL: |  1  2  3  4 |
---------------+-------------+-----
Dodging        | 2 |  2.7
Ranged Weapons | 4 |  4.7
Fighting       | 3 |  3.0
Stealth        | |  0.7

Action                     |  1- 3 |  4- 6 || total
---------------------------+-------+-------++-------
   Fire: Sling             |   168 |    60 ||   228
    Use: Potion            |       |     3 ||     3
 Armour: Leather armour    |     6 |    22 ||    28
  Dodge: Dodged            |     6 |     9 ||    15

Table legend: (Time is in decaauts)
 A = Elapsed time spent in this place.
 B = Non-inter-level travel time spent in this place.
 C = Inter-level travel time spent in this place.
 D = Time resting spent in this place.
 E = Time spent auto-exploring this place.
 F = Levels seen in this place.
 G = Mean time per level.
                   A        B        C        D        E       F      G
               +--------+--------+--------+--------+--------+-----+--------+
         Total |   1512 |   1506 |      6 |      0 |   1274 |   3 |  504.0 |
       Dungeon |   1512 |   1506 |      6 |      0 |   1274 |   3 |  504.0 |
               +--------+--------+--------+--------+--------+-----+--------+

Top non-repeatable levels by time:
     D:2: 778 daAuts
     D:1: 691 daAuts
     D:3: 42 daAuts
